 Dungeon Crawl Stone Soup version 0.31.0-12-g77e489cdc1 (webtiles) character file.

Game seed: 7895494482922029807

251 Gadfly the Ruffian (level 6, 0/46 HPs)
             Began as a Merfolk Shapeshifter on Feb 13, 2024.
             Slain by Pikel
             ... wielding a +2 whip of flaming
              (14 damage)
             ... on level 4 of the Dungeon.
             The game lasted 00:05:46 (2706 turns).

Gadfly the Ruffian (Merfolk Shapeshifter)           Turns: 2706, Time: 00:05:47

Health: 0/46       AC:  2    Str: 17    XL:     6   Next: 13%
Magic:  6/6        EV: 13    Int:  9    God:
Gold:   170        SH:  0    Dex: 13    Spells: 5/5 levels left

rFire   . .          .
                       - Unarmed
rCold   . . .        (no shield)
rNeg    . . .        a - +0 animal skin
rPois   .            j - melded +0 helmet
rElec   .            (cloak currently unavailable)
rCorr   .            (gloves currently unavailable)
SInv    .            (boots currently unavailable)
Will    .....        h - amulet of regeneration
Stlth   +            (no ring)
HPRegen 1.07/turn    (no ring)
MPRegen 0.10/turn

%: no passive effects
@: beast-form
A: beast (slay +2), (nimble swimmer 2), mertail
a: Begin Untransformation


You were on level 4 of the Dungeon.
You were a hulking beast.
You visited 1 branch of the dungeon, and saw 4 of its levels.

You collected 170 gold pieces.

Inventory:

Hand Weapons
 n - a +3 long sword
Armour
 a - a +0 animal skin (worn)
 j - a +0 helmet (melded)
Jewellery
 h - an amulet of regeneration (around neck)
Talismans
 c - a beast talisman (active)
 d - a flux talisman
Scrolls
 i - a scroll of fear
 l - a scroll of teleportation
Potions
 b - 4 potions of lignification
 e - a potion of attraction {unknown}
 f - a potion of berserk rage
 g - a potion of curing
 k - a potion of enlightenment {unknown}


   Skills:
 + Level 2.7 Fighting
 + Level 4.1 Dodging
 + Level 4.5 Unarmed Combat
 * Level 3.2 Evocations
 + Level 4.5 Shapeshifting


You had 5 spell levels left.
You didn't know any spells.
Your spell library contained the following spells:

 Spells                   Type           Power      Damage    Failure   Level
 Ensorcelled Hibernation  Hex/Ice        0%         N/A       52%         2
 Fugue of the Fallen      Necr           0%         N/A       77%         3
 Ozocubu's Armour         Ice            0%         N/A       77%         3
 Anguish                  Hex/Necr       0%         N/A       99%         4
 Manifold Assault         Tloc           0%         N/A       99%         4


Dungeon Overview and Level Annotations

Branches:
Dungeon (4/15)
 Temple: D:4-7

Altars:
Hepliaklqana

Annotations:
D:4 Pikel


Innate Abilities, Weirdness & Mutations

You are a hulking beast.
Your limbs bulge with bestial killing power. (Slay +2)
((You are very nimble when in or above water. (Stealth+, EV+, Speed+++)))
Your lower body shifts to a powerful aquatic tail in water.


Message History

Pikel is moderately wounded.
Pikel hits you with a +2 whip of flaming!
Pikel burns you.
You hit Pikel.
Pikel is moderately wounded.
Pikel hits you with a +2 whip of flaming!
Pikel burns you.
You are too injured to fight recklessly!
You are too injured to fight recklessly!
You are too injured to fight recklessly!
You are too injured to fight recklessly!
You are too injured to fight recklessly!
You are too injured to fight recklessly!
You are too injured to fight recklessly!
You are too injured to fight recklessly!
You are too injured to fight recklessly!
You are too injured to fight recklessly!
You are too injured to fight recklessly!
You are too injured to fight recklessly!
You are too injured to fight recklessly!
You are too injured to fight recklessly!
You are too injured to fight recklessly!
Unknown command.
You closely miss Pikel.
Pikel is moderately wounded.
Pikel hits you with a +2 whip of flaming!
* * * LOW HITPOINT WARNING * * *
Pikel burns you.
* * * LOW HITPOINT WARNING * * *
You hit Pikel.
Pikel is heavily wounded.
Pikel says, "I'm sure they'll be treated well, anyway."
Pikel hits you with a +2 whip of flaming!
* * * LOW HITPOINT WARNING * * *
Pikel burns you.
* * * LOW HITPOINT WARNING * * *
You feel better.
Pikel hits you with a +2 whip of flaming!
You die...
Pikel says, "See you in Hell!"

#........#
#.#......<.#
...........######
#.##......>......
............####
..###.........# .
.....###..#.#
#########..#.#
..5555Kh...# #
##########.# .#
.# .# .. ..


You could see Pikel and 4 lemures.

Vanquished Creatures
  Sigmund (D:2)
  Robin (D:2)
  2 adders (D:2)
  A ribbon worm (D:2)
  5 dart slugs
  5 orcs (D:3)
  3 endoplasms
  A giant cockroach (D:2)
  4 hobgoblins
  4 kobolds
  4 quokkas (D:1)
  A ball python (D:1)
  6 bats
  2 frilled lizards
  12 goblins
  A rat (D:1)
53 creatures vanquished.

Notes
Turn   | Place    | Note
-------+----------+-------------------------------------------
     0 | D:1      | Gadfly the Merfolk Shapeshifter began the quest for the
                  | Orb.
     0 | D:1      | Reached XP level 1. HP: 15/15 MP: 1/1
    64 | D:1      | Reached XP level 2. HP: 5/21 MP: 2/2
   174 | D:1      | Reached skill level 1 in Evocations
   194 | D:1      | HP: 1/21 [bat (1)]
   196 | D:1      | Reached XP level 3. HP: 2/26 MP: 3/3
   719 | D:2      | Noticed Robin
   752 | D:2      | Killed Robin
   753 | D:2      | Reached XP level 4. HP: 19/33 MP: 4/4
   921 | D:2      | Noticed Sigmund
   936 | D:2      | Killed Sigmund
   937 | D:2      | Reached XP level 5. HP: 31/39 MP: 5/5
   937 | D:2      | Reached XP level 6. HP: 37/46 MP: 6/6
  1952 | D:3      | Found a hazy altar of Hepliaklqana.
  2693 | D:4      | Noticed Pikel
  2705 | D:4      | HP: 2/46 [Pikel/+2 whip of flaming (4)]
  2706 | D:4      | Slain by Pikel

Illustrated notes

Levels and vault maps discovered:
D:1:      ldierk_walled_garden, layout_basic, minmay_circled_x
D:2:      layout_basic, minmay_tree_intersection, grunt_decor_junction,
          uniq_robin, uniq_sigmund
D:3:      layout_basic, mainiacjoe_overflow_small_starburst
D:4:      layout_basic, nicolae_ru_awakened_eye,
          chequers_temple_overflow_statue_of_worship,
          mainiacjoe_sewer_entry_somewhere_in_here_2, uniq_menkaure, uniq_pikel

Skill      XL: |  1  2  3  4 |
---------------+-------------+-----
Evocations     | 1 3 |  3.2
Dodging        | 3 4 |  4.1
Unarmed Combat | 4 |  4.5
Fighting       | 2 |  2.7
Shapeshifting  | |  4.5

Action                     |  1- 3 |  4- 6 || total
---------------------------+-------+-------++-------
  Melee: Unarmed           |    97 |    58 ||   155
         Punch             |     1 |     2 ||     3
Ability: Begin Untransform |       |     1 ||     1
    Use: Potion            |     1 |     2 ||     3
         Scroll            |       |     7 ||     7
   Stab: Sleeping          |     1 |     1 ||     2
 Armour: Animal skin       |    67 |    27 ||    94
  Dodge: Dodged            |    85 |    29 ||   114
   Form: Beast             |       |     1 ||     1
